 Dungeon Crawl Stone Soup version 0.20.1-1-g8b1a95d (console) character file.

753 bli the Skirmisher (level 8, -7/64 HPs)
             Began as a Formicid Abyssal Knight on July 30, 2017.
             Was a Believer of Lugonu.
             Mangled by a yak (16 damage)
             ... on level 4 of the Dungeon.
             The game lasted 00:24:04 (4133 turns).

bli the Skirmisher (Formicid Abyssal Knight)        Turns: 4133, Time: 00:24:04

Health: -7/64      AC:  4    Str: 16      XL:     8   Next: 7%
Magic:  9/9        EV: 12    Int: 11 (13) God:    Lugonu [**....]
Gold:   194        SH:  0    Dex: 12      Spells: 7/7 levels left

rFire    . . .     SeeInvis +   a - +2 hand axe (venom)
rCold    . . .     Gourm    .   (no shield)
rNeg     . . .     Faith    .   k - +0 leather armour
rPois    .         Spirit   .   (helmet unavailable)
rElec    .         Reflect  .   r - +0 cloak
rCorr    .         Harm     .   (no gloves)
MR       .....                  (no boots)
Stlth    +++.......             (no amulet)
Regen    0.2/turn               g - ring of stealth
MPRegen  0.2/turn               (no ring)

@: no status effects
A: permanent stasis, dig shafts and tunnels, four strong arms, antennae 3, beak,
claws 1
a: Dig, Shaft Self, Depart the Abyss, Bend Space, Renounce Religion


You were on level 4 of the Dungeon.
You worshipped Lugonu.
Lugonu was pleased with you.
You were hungry.

You visited 1 branch of the dungeon, and saw 4 of its levels.
You visited the Abyss 1 time.

You collected 194 gold pieces.

Inventory:

Hand Weapons
 a - a +2 hand axe of venom (weapon)
 b - a +2 mace of draining
 c - a +1 spear
 o - a +0 battleaxe
 s - a +1 dagger of venom
 t - a +2 whip of pain
 v - a +0 scythe
 z - a +0 morningstar
Missiles
 n - 110 stones (quivered)
Armour
 j - a +0 ring mail
 k - a +0 leather armour (worn)
 p - a +0 scale mail
 r - a +0 cloak (worn)
 A - a +0 chain mail
Jewellery
 g - a ring of stealth (left claw)
Scrolls
 e - a scroll of silence {unknown}
 h - 5 scrolls of identify {unknown}
 i - a scroll of recharging {unknown}
 x - a scroll of amnesia {unknown}
 y - a scroll of teleportation {unknown}
Potions
 l - a potion of agility {unknown}
 B - a potion of brilliance {unknown}
Miscellaneous
 f - a lightning rod (4/4)
Comestibles
 d - a fruit
 q - 2 meat rations
 u - 3 bread rations


   Skills:
 * Level 6.0 Fighting
 + Level 4.0(4.6) Axes
 + Level 0.2(2.4) Maces & Flails
 + Level 3.2(4.2) Polearms
 + Level 3.2 Armour
 + Level 2.6 Dodging
 + Level 3.4 Stealth
 + Level 2.1 Invocations


You had 7 spell levels left.
You didn't know any spells.

Dungeon Overview and Level Annotations

Branches:
Dungeon (4/15)
 Temple: D:4-7

Altars:


Innate Abilities, Weirdness & Mutations

You cannot be hasted, slowed, berserked, paralysed or teleported.
You can dig through walls and to a lower floor.
Your four strong arms can wield two-handed weapons with a shield.
You have a pair of large antennae on your head. (SInv)
You have a beak for a mouth.
You have sharp fingernails.


Message History

You feel your dexterity returning.
Your Fighting skill increases to level 6!
Your Axes skill increases to level 4!
You have reached level 8!
You feel clever.
You hit the yak but do no damage.
The yak is poisoned.
You peck the yak, but do no damage. The yak gores you.
* * * LOW HITPOINT WARNING * * *
You barely miss the yak.
The yak is lightly wounded.
You closely miss the yak.
The yak is lightly wounded.
The yak misses you.
You closely miss the yak. You peck the yak.
The yak is lightly wounded.
The yak gores you!
* * * LOW HITPOINT WARNING * * *
You hit the yak.
The yak looks as sick as possible!
You peck the yak, but do no damage.
The yak is moderately wounded.
The yak gores you!
You die...

.........# .........#
.........# #........#
.........# #........#
#...)....# #........#
#......).# ########
####'#.############......#
.....#.##.......@Y..###†##
...(..................#.#
######.##...........#...#
...##...........########
################....†Y..#
########Y# #.# #.# #.# #.#
############.#


You could see a yak.

Vanquished Creatures
  Sigmund (D:2)
  2 yaks (D:4)
  A scorpion (D:4)
  An orc priest (D:4)
  A hound (D:4)
  Jessica (D:2)
  An iguana (D:4)
  A worker ant (D:4)
  Robin (D:2)
  4 adders (D:2)
  2 worms
  2 dart slugs (D:2)
  5 orcs
  5 giant cockroaches
  18 goblins
  9 hobgoblins
  4 jackals (D:1)
  7 kobolds
  A quokka (D:3)
  2 ball pythons
  7 bats
  3 frilled lizards
  2 rats
81 creatures vanquished.

Notes
Turn   | Place    | Note
-------+----------+-------------------------------------------
     0 | Abyss:1  | bli the Formicid Abyssal Knight began the quest for the Orb.
     0 | Abyss:1  | Reached XP level 1. HP: 18/18 MP: 2/2
    87 | Abyss:2  | Noticed a lorocyproca
    94 | Abyss:3  | Found a corrupted altar of Lugonu.
    98 | Abyss:3  | Found a corrupted altar of Lugonu.
   144 | D:1      | Escaped the Abyss
   256 | D:1      | Reached skill level 1 in Dodging
   311 | D:1      | Reached skill level 1 in Stealth
   321 | D:1      | Reached XP level 2. HP: 22/24 MP: 3/3
   763 | D:2      | Reached skill level 4 in Fighting
   803 | D:2      | Reached XP level 3. HP: 12/30 MP: 4/4
  1046 | D:2      | Reached * piety under Lugonu
  1305 | D:2      | Reached XP level 4. HP: 33/37 MP: 5/5
  1585 | D:2      | Noticed Robin
  1653 | D:2      | Noticed Jessica
  1663 | D:2      | Killed Jessica
  1909 | D:2      | Reached XP level 5. HP: 34/43 MP: 6/6
  1948 | D:2      | Killed Robin
  2067 | D:2      | Reached skill level 1 in Axes
  2254 | D:2      | Noticed Sigmund
  2266 | D:2      | Killed Sigmund
  2266 | D:2      | Reached skill level 5 in Fighting
  2266 | D:2      | Reached XP level 6. HP: 45/51 MP: 7/7
  2526 | D:3      | Reached ** piety under Lugonu
  2590 | D:3      | Found a faded altar of an unknown god.
  2619 | D:3      | Gained mutation: You have a beak for a mouth. [potion of mutation]
  2619 | D:3      | Gained mutation: You have sharp fingernails. [potion of mutation]
  3247 | D:4      | Reached XP level 7. HP: 54/56 MP: 8/8
  3809 | D:4      | Noticed a yak
  3811 | D:4      | Noticed a yak
  3835 | D:4      | Killed a yak
  3836 | D:4      | Noticed a yak
  4122 | D:4      | Killed a yak
  4122 | D:4      | Reached skill level 6 in Fighting
  4122 | D:4      | Reached XP level 8. HP: 20/64 MP: 9/9
  4133 | D:4      | Mangled by a yak

Skill      XL: |  1  2  3  4  5  6  7 |
---------------+----------------------+-----
Dodging        | 1 2 |  2.6
Stealth        | 1 2 3 |  3.4
Fighting       | 4 5 6 |  6.0
Axes           | 2 4 |  4.0
Polearms       | 3 |  3.2
Armour         | 3 |  3.2
Maces & Flails | |  0.2
Invocations    | |  2.1

Action                   |  1- 3 |  4- 6 |  7- 9 || total
-------------------------+-------+-------+-------++-------
Melee: Spear             |   104 |    36 |     3 ||   143
       Hand axe          |       |    87 |    28 ||   115
       Mace              |       |    10 |     7 ||    17
       Peck              |       |     2 |     7 ||     9
Throw: Javelin           |       |       |     4 ||     4
Invok: Depart the Abyss  |     1 |       |       ||     1
 Abil: Dig               |     2 |     2 |       ||     4
  Use: Potion            |     2 |     4 |       ||     6
 Stab: Sleeping          |       |     4 |     1 ||     5
  Eat: Chunk             |     1 |     7 |     1 ||     9
       Fruit             |       |       |     1 ||     1
Armor: Leather armour    |    19 |    18 |     4 ||    41
       Skin              |     5 |       |       ||     5
Dodge: Dodged            |    49 |    84 |    17 ||   150
